 Dungeon Crawl Stone Soup version 0.26-a0-651-gb41185065b (webtiles) character file.

Game seed: 2155603281575724641

322 Ozzies the Skirmisher (level 6, 0/44 HPs)
             Began as a Gargoyle Fighter on Oct 14, 2020.
             Was an Initiate of Okawaru.
             Slain by Edmund
             ... wielding a +1 dire flail of holy wrath
              (5 damage)
             ... on level 3 of the Dungeon.
             The game lasted 00:03:51 (3450 turns).

Ozzies the Skirmisher (Gargoyle Fighter)            Turns: 3450, Time: 00:03:51

Health: 0/44       AC: 13    Str: 22    XL:     6   Next: 47%
Magic:  6/6        EV:  5    Int:  8    God:    Okawaru [......]
Gold:   113        SH:  9    Dex:  9    Spells: 5/5 levels left

rFire    . . .     SeeInvis .   a - +0 flail
rCold    . . .     Faith    .   c - +0 kite shield
rNeg     + . .     Spirit   .   p - +0 chain mail
rPois    ∞         Reflect  .   (no helmet)
rElec    +         Harm     .   (no cloak)
rCorr    .         Rampage  .   (no gloves)
MR       .....                  (no boots)
Stlth    ..........             (no amulet)
HPRegen  0.14/turn              (no ring)
MPRegen  0.10/turn              (no ring)

@: no status effects
A: negative energy resistance 1, electricity resistance, unbreathing,
petrification resistance, rot immunity, AC +4
a: Renounce Religion


You were on level 3 of the Dungeon.
You worshipped Okawaru.
Okawaru was noncommittal.
You visited 2 branches of the dungeon, and saw 5 of its levels.

You collected 113 gold pieces.

Inventory:

Hand Weapons
 a - a +0 flail (weapon)
Missiles
 f - 52 stones (quivered)
 o - 19 sling bullets
Armour
 b - a +0 scale mail
 c - a +0 kite shield (worn)
 p - a +0 chain mail (worn)
Scrolls
 e - 2 scrolls of remove curse {unknown}
 g - 4 scrolls of teleportation {unknown}
 h - a scroll of identify {unknown}
 k - a scroll of fog {unknown}
 n - a scroll of magic mapping {unknown}
 q - a scroll of enchant weapon {unknown}
Potions
 d - a potion of might {@q3 !q}
 i - a potion of flight {unknown}
 j - 2 potions of stabbing {unknown}
 l - 2 potions of degeneration {unknown}
 m - 3 potions of cancellation {unknown}
 r - a potion of haste {unknown}


   Skills:
 * Level 7.2 Fighting
 + Level 2.3 Maces & Flails
 + Level 3.5 Armour
 + Level 0.6 Dodging
 + Level 3.5 Shields


You had 5 spell levels left.
You didn't know any spells.
Your spell library contained the following spells:

 Spells                   Type           Power        Failure   Level
 Animate Skeleton         Necr           #.....       100%        1
 Apportation              Tloc           #.....       100%        1
 Corona                   Hex            #......      100%        1
 Summon Small Mammal      Summ           #...         100%        1


Dungeon Overview and Level Annotations

Branches:
Dungeon (4/15)             Temple (1/1) D:4

Altars:
Ashenzari
Dithmenos
Kikubaaqudgha
Makhleb
Okawaru
Sif Muna
Uskayaw
Vehumet
Wu Jian
Xom
The Shining One

Annotations:
D:3 Edmund


Innate Abilities, Weirdness & Mutations

You are resistant to torment.
Your stone body is resilient. (AC +4)
You are immune to poison.
You resist negative energy. (rN+)
You are resistant to electric shocks. (rElec)
You can survive without breathing.
You are immune to petrification.
You are immune to rotting.


Message History

You block the worker ant's attack.
The worker ant bites you but does no damage.
You sock the worker ant!
The worker ant is severely wounded.
The worker ant barely misses you.
The worker ant waves its antennae.
The worker ant barely misses you.
You thump the worker ant!
You kill the worker ant!
Okawaru accepts your kill.
You see here a worker ant corpse.
You start resting.
HP restored.
You see here a worker ant corpse.
There is a stone staircase leading down here.
There is a stone staircase leading down here.
You climb downwards.
Level annotation: Edmund The howler monkey hoots and howls with incredible vigour!
Edmund hits you with a +1 dire flail of holy wrath!
The howler monkey hits you but does no damage.
You hear an angry hiss.
There is a stone staircase leading up here.
The howler monkey hits you but does no damage.
Edmund hits you with a +1 dire flail of holy wrath!
You climb upwards.
There is a stone staircase leading down here.
You barely miss Edmund. The howler monkey barely misses you.
Edmund barely misses you.
You hit Edmund.
Edmund is lightly wounded.
You block the howler monkey's attack. Edmund barely misses you.
You block the howler monkey's attack.
You hit Edmund.
Edmund is lightly wounded.
The howler monkey hits you but does no damage.
You block Edmund's attack.
The howler monkey completely misses you.
You sock Edmund!
Edmund is moderately wounded.
Edmund gestures with his flail.
Edmund completely misses you. You block the howler monkey's attack.
You closely miss Edmund.
Edmund is moderately wounded.
Edmund hits you with a +1 dire flail of holy wrath.
You block the howler monkey's attack.
Edmund hits you with a +1 dire flail of holy wrath.
The howler monkey hoots and howls with incredible vigour!
You hit Edmund but do no damage.
Edmund is moderately wounded.
The howler monkey hits you but does no damage.
Edmund hits you but does no damage.
You sock Edmund!
Edmund is heavily wounded.
The howler monkey hits you. You block Edmund's attack.
The howler monkey hits you but does no damage.
You hit Edmund.
Edmund is severely wounded.
You block the howler monkey's attack. Edmund hits you but does no damage.
You block the howler monkey's attack.
You completely miss Edmund.
Edmund is severely wounded.
Edmund completely misses you.
The howler monkey hits you but does no damage.
You block Edmund's attack.
You barely miss Edmund.
Edmund is severely wounded.
You block the howler monkey's attack.
Edmund hits you with a +1 dire flail of holy wrath.
The howler monkey hits you but does no damage.
You hit Edmund but do no damage.
Edmund is severely wounded.
The howler monkey hits you but does no damage.
Edmund hits you with a +1 dire flail of holy wrath!
* * * LOW HITPOINT WARNING * * *
You block the howler monkey's attack.
You sock Edmund!
Edmund is almost dead.
Edmund hits you with a +1 dire flail of holy wrath.
* * * LOW HITPOINT WARNING * * *
The howler monkey hits you but does no damage.
You hit Edmund but do no damage.
Edmund is almost dead.
The howler monkey hits you but does no damage.
Edmund hits you with a +1 dire flail of holy wrath.
* * * LOW HITPOINT WARNING * * *
You block the howler monkey's attack. You block Edmund's attack.
You closely miss Edmund.
Edmund is almost dead.
You block the howler monkey's attack. You block Edmund's attack.
The howler monkey hits you but does no damage.
You barely miss Edmund.
Edmund is almost dead.
Edmund hits you but does no damage.
The howler monkey hits you but does no damage.
You barely miss Edmund.
Edmund is almost dead.
The howler monkey hoots and howls with incredible vigour!
Edmund hits you with a +1 dire flail of holy wrath.
You die...

.# #.........# #.# .#
#########.# #.# .#
#.#####.# .# #.......#
.# ####.#### .# #.# .#
#.# .# #@# <# #@# .#
#h## .########
#####..#####
........####..........#
..<........#.####.###.#
.######.##.#.# #.# #.#
.# #.##.#.####.###.# .#
#.##.........##.# .#
#.#..........##.#


You could see Edmund and a howler monkey (catching breath).

Vanquished Creatures
  A hound (Temple)
  Jessica (D:2)
  Terence (D:3)
  3 worker ants
  3 gnolls (D:3)
  A howler monkey skeleton (D:4)
  7 adders
  A worm (D:2)
  2 dart slugs
  A leopard gecko (D:2)
  5 orcs (D:3)
  3 bats (D:2)
  A giant cockroach (D:2)
  5 goblins
  8 hobgoblins
  7 jackals
  3 kobolds
  2 quokkas (D:3)
  4 frilled lizards
  4 rats
63 creatures vanquished.

Notes
Turn   | Place    | Note
-------+----------+-------------------------------------------
     0 | D:1      | Ozzies the Gargoyle Fighter began the quest for the Orb.
     0 | D:1      | Reached XP level 1. HP: 14/14 MP: 1/1
   236 | D:1      | Reached XP level 2. HP: 20/20 MP: 2/2
   273 | D:1      | Reached skill level 4 in Fighting
   481 | D:2      | Reached XP level 3. HP: 22/24 MP: 3/3
   820 | D:2      | Reached skill level 5 in Fighting
   837 | D:2      | Reached XP level 4. HP: 31/31 MP: 4/4
  1075 | D:2      | Noticed Jessica
  1081 | D:2      | Killed Jessica
  1174 | D:2      | Reached skill level 6 in Fighting
  1504 | D:3      | Reached XP level 5. HP: 24/36 MP: 5/5
  1867 | D:3      | Noticed Terence
  1879 | D:3      | Killed Terence
  2145 | D:3      | Reached skill level 7 in Fighting
  2420 | D:4      | Reached XP level 6. HP: 42/44 MP: 6/6
  2444 | D:4      | Found a staircase to the Ecumenical Temple.
  2450 | Temple   | Entered the Ecumenical Temple
  2673 | Temple   | Became a worshipper of Warmaster Okawaru
  2729 | D:4      | Noticed Edmund
  3450 | D:3      | Slain by Edmund

Illustrated notes

Levels and vault maps discovered:
D:1:      ncdulo_smallfort, layout_rooms
D:2:      minmay_razor_zed, layout_basic, guppyfry_early_lair_pool, uniq_jessica
D:3:      layout_loops_ring, serial_bayou_lake_a, uniq_terence
D:4:      layout_basic, elyvilon_altar_5, grunt_temple_overflow_open,
          minmay_temple_entry_hall,
          nicolae_gozag_cash_rules_everything_around_me, uniq_edmund,
          uniq_blork_the_orc
Temple:   minmay_temple_curvy_loop

Skill      XL: |  1  2  3  4  5 |
---------------+----------------+-----
Fighting       | 4 5 6 7 |  7.2
Maces & Flails | |  2.3
Armour         | |  3.5
Dodging        | |  0.6
Shields        | |  3.5

Action                   |  1- 3 |  4- 6 || total
-------------------------+-------+-------++-------
Melee: Flail             |    95 |   180 ||   275
Armor: Scale mail        |    47 |    77 ||   124
       Chain mail        |       |    76 ||    76
Dodge: Dodged            |    41 |    56 ||    97
Block: Kite shield       |    46 |   139 ||   185

Table legend: (Time is in decaauts)
 A = Elapsed time spent in this place.
 B = Non-inter-level travel time spent in this place.
 C = Inter-level travel time spent in this place.
 D = Time resting spent in this place.
 E = Time spent auto-exploring this place.
 F = Levels seen in this place.
 G = Mean time per level.
                   A        B        C        D        E       F      G
               +--------+--------+--------+--------+--------+-----+--------+
         Total |   3600 |   3384 |    216 |    526 |   2164 |   5 |  720.0 |
       Dungeon |   2887 |   2744 |    143 |    173 |   1982 |   4 |  721.8 |
        Temple |    712 |    640 |     72 |    353 |    182 |   1 |  712.0 |
               +--------+--------+--------+--------+--------+-----+--------+

Top non-repeatable levels by time:
     D:3: 1247 daAuts
     D:2: 1115 daAuts
  Temple: 712 daAuts
     D:1: 385 daAuts
     D:4: 139 daAuts
